Map: Galactic Process LE

Players

Nickos - Winner!

  • Race: Terran Terran
  • League: Gold

Smacko

  • Race: Protoss Protoss
  • League: Gold

VOD

Have the link to the VOD?

Description

Time

  • Played on: Oct. 1, 2016, 8 a.m.
  • Length: 10:42
Show
View Real Time Build Order
Export as new Build Order

Nickos Terran - Winner!

Build Orders: Reaper Expand, MMM Bio 

Get SALT Encoding   

  12  0:01  SCV  
  13  0:13  SCV  
  14  0:18  Supply Depot  
  14  0:25  SCV  
  15  0:39  SCV  
  15  0:41  Barracks  
  16  0:45  Refinery  
  16  0:51  SCV  
  17  1:03  SCV  
  18  1:16  SCV  
  19  1:29  Reaper  
  19  1:30  Orbital Command  
  20  1:44  Command Center  
  20  1:57  Barracks  
  20  2:03  SCV  
  21  2:11  Supply Depot  
  21  2:13  Barracks Reactor  
  21  2:17  SCV  
  22  2:27  Factory  
  22  2:29  SCV  
  23  2:41  SCV  
  23  2:46  Barracks Tech Lab  
  23  2:50  Refinery, Marine  
  23  2:51  Marine  
  25  2:53  SCV  
  25  2:57  Orbital Command  
  26  3:08  Marine  
  26  3:09  Marine  
  26  3:11  Stimpack  
  28  3:19  SCV  
  29  3:28  SCV  
  29  3:29  Marine x3  
  29  3:31  SCV  
  33  3:40  SCV  
  33  3:43  SCV  
  34  3:48  Marine  
  34  3:50  Starport  
  34  3:52  SCV  
  36  3:55  SCV  
  36  3:57  Factory Reactor  
  36  4:02  Marine x2  
  38  4:04  SCV  
  38  4:06  Marine  
  38  4:08  SCV  
  42  4:13  Engineering Bay  
  42  4:16  SCV  
  43  4:20  Marine, SCV  
  43  4:22  Marine  
  46  4:38  SCV x2, Supply Depot, Marine x2  
  50  4:44  Missile Turret  
  50  4:50  Missile Turret, SCV x2  
  52  4:54  Medivac, Missile Turret x2  
  52  4:55  Missile Turret  
  52  4:57  Missile Turret  
  52  4:59  Medivac  
  56  5:01  Marine x2  
  56  5:02  SCV  
  56  5:06  Marine  
  60  5:10  SCV  
  60  5:11  Combat Shields  
  61  5:17  Missile Turret  
  61  5:18  Marine  
  62  5:21  Missile Turret  
  62  5:27  Missile Turret  
  62  5:28  Supply Depot  
  62  5:31  Supply Depot  
  62  5:49  Medivac, Marine x3  
  67  5:50  Missile Turret  
  67  5:55  Missile Turret  
  67  5:58  Factory Tech Lab, Missile Turret  
  67  6:03  Barracks  
  67  6:04  Barracks, SCV x2  
  68  6:05  Barracks  
  68  6:07  Marine  
  68  6:09  Terran Infantry Weapons Level 1  
  70  6:15  Supply Depot  
  70  6:16  SCV x2  
  72  6:21  Missile Turret  
  72  6:22  Missile Turret  
  72  6:24  Marauder  
  74  6:30  Cyclone  
  78  6:37  Marine  
  76  7:03  Marine x3  
  76  7:04  Viking  
  76  7:05  Viking  
  83  7:11  Missile Turret  
  83  7:15  Missile Turret  
  83  7:18  Cyclone  
  83  7:19  Missile Turret  
  83  7:20  SCV  
  83  7:21  Supply Depot, Marine  
  89  7:23  Marine  
  89  7:24  Marine  
  91  7:31  Missile Turret  
  91  7:34  Viking  
  93  7:38  Marine  
  93  7:39  Marine  
  93  7:41  Marine  
  93  7:42  Marine  
  97  7:50  Cyclone, SCV x2  
  103  7:52  Concussive Shells  
  103  7:57  Marine x2  
  105  8:02  SCV x2  
  105  8:03  Command Center  
  107  8:12  Liberator  
  105  8:24  Marine  
  105  8:25  Marine x3  
  102  8:42  Marine  
  102  8:43  Marine x3  
  102  8:45  Cyclone  
  100  9:00  Marine x2  
  100  9:01  Marine x2  
  103  9:16  Missile Turret  
  103  9:17  Cyclone  
  103  9:18  Marine x3  
  103  9:19  Marine  
  110  9:36  Marine x4  
  104  9:54  Marine x4  
  103  10:04  Siege Tank  
  106  10:07  SCV  
  106  10:08  SCV  
  106  10:11  Marine  
  106  10:12  Missile Turret, Marine x3  
  112  10:17  Barracks x2  
  112  10:18  Barracks x2  
  112  10:19  SCV  
  105  10:33  Missile Turret  
  105  10:34  Missile Turret  
  105  10:35  Missile Turret  
  100  10:36  Missile Turret  
Show
View Real Time Build Order
Export as new Build Order

Smacko Protoss 

Build Orders: 1 Gate Expand 

Get SALT Encoding   

  12  0:01  Probe (Chrono Boost)  
  13  0:11  Probe (Chrono Boost)  
  14  0:22  Probe (Chrono Boost)  
  14  0:23  Pylon  
  15  0:41  Gateway, Probe (Chrono Boost)  
  16  0:52  Probe (Chrono Boost)  
  16  0:53  Assimilator  
  17  1:02  Probe (Chrono Boost)  
  18  1:13  Probe (Chrono Boost)  
  19  1:23  Probe (Chrono Boost)  
  20  1:30  Cybernetics Core  
  20  1:34  Probe (Chrono Boost)  
  21  1:43  Nexus  
  21  1:53  Pylon  
  21  2:06  Adept  
  23  2:10  Assimilator  
  23  2:12  Probe (Chrono Boost)  
  24  2:16  Pylon  
  24  2:21  Warp Gate  
  24  2:23  Probe (Chrono Boost)  
  24  2:43  Probe (Chrono Boost)  
  25  2:52  Robotics Facility  
  25  2:53  Probe (Chrono Boost)  
  25  2:56  Probe (Chrono Boost)  
  25  2:57  Pylon  
  27  3:04  Probe (Chrono Boost)  
  28  3:06  Mothership Core (Chrono Boost)  
  28  3:10  Adept  
  32  3:42  Stargate  
  32  3:43  Probe (Chrono Boost)  
  32  3:44  Probe (Chrono Boost)  
  34  3:52  Pylon  
  34  3:54  Probe x2 (Chrono Boost)  
  36  3:56  Observer  
  37  4:04  Probe (Chrono Boost)  
  37  4:05  Probe (Chrono Boost)  
  39  4:12  Assimilator  
  39  4:15  Probe x2 (Chrono Boost), Assimilator  
  41  4:25  Oracle  
  41  4:26  Probe x2 (Chrono Boost)  
  46  4:36  Probe x2 (Chrono Boost)  
  48  4:44  Pylon  
  48  4:47  Probe x2 (Chrono Boost)  
  50  4:57  Probe x2 (Chrono Boost), Twilight Council  
  52  5:01  Oracle  
  52  5:03  Gateway  
  55  5:08  Probe x2 (Chrono Boost)  
  57  5:18  Probe x2 (Chrono Boost)  
  59  5:24  Gateway  
  59  5:29  Probe x2 (Chrono Boost)  
  59  5:32  Gateway  
  61  5:36  Gateway, Observer  
  61  5:37  Void Ray  
  66  5:43  Stargate  
  66  5:45  Probe x2 (Chrono Boost)  
  68  5:56  Probe x2 (Chrono Boost)  
  70  6:01  Gateway, Immortal  
  70  6:03  Pylon  
  74  6:10  Probe (Chrono Boost)  
  74  6:11  Probe (Chrono Boost)  
  76  6:20  Forge  
  70  6:50  Void Ray x2  
  70  6:53  Probe x2 (Chrono Boost)  
  76  6:54  Adept  
  76  6:55  Adept x4  
  84  7:07  Resonating Glaives  
  82  7:20  Robotics Bay  
  82  7:22  Pylon  
  82  7:26  Adept x2  
  86  7:35  Protoss Ground Weapons Level 1  
  86  7:40  Void Ray x2  
  86  7:42  Nexus  
  94  7:45  Pylon  
  94  7:48  Pylon  
  94  7:54  Gateway  
  94  7:59  Pylon  
  94  8:02  Pylon  
  94  8:09  Disruptor  
  95  8:21  Adept x6  
  80  8:43  Stalker x3  
  80  8:44  Stalker x3  
  76  9:07  Stalker x5  
  26  9:44  Probe (Chrono Boost)  
  28  9:45  Probe (Chrono Boost)  
  28  9:58  Probe (Chrono Boost)  
  15  10:29  Probe (Chrono Boost)  
  15  10:30  Probe (Chrono Boost)  
Tags
 
Add a new tag
Caveats
  • Supply blocks, unpowered buildings, or Contaminate may cause inaccurate times.
  • Supply counts are checked every 10 seconds.